 Dungeon Crawl Stone Soup version 0.25-a0-730-g633e9c3c14 (webtiles) character file.

Game seed: 15448312879493167892, levelgen mode: deterministic

14 vurker the Bolt Thrower (level 2, 0/18 HPs)
             Began as a Kobold Hunter on Apr 7, 2020.
             Slain by a goblin
             ... wielding a +0 short sword
              (2 damage)
             ... on level 1 of the Dungeon.
             The game lasted 00:00:58 (525 turns).

vurker the Bolt Thrower (Kobold Hunter)              Turns: 525, Time: 00:00:58

Health: 0/18       AC:  3    Str:  9    XL:     2   Next: 60%
Magic:  2/2        EV: 14    Int: 12    God:
Gold:   14         SH:  0    Dex: 15    Spells: 1/1 levels left

rFire    . . .     SeeInvis .   b - +0 short sword
rCold    . . .     Gourm    .   (shield restricted)
rNeg     . . .     Faith    .   c - +0 leather armour
rPois    .         Spirit   .   (no helmet)
rElec    .         Reflect  .   (no cloak)
rCorr    .         Harm     .   (no gloves)
MR       .....                  (no boots)
Stlth    ++........             (no amulet)
HPRegen  0.06/turn              (no ring)
MPRegen  0.08/turn              (no ring)

@: no status effects
A: small, carnivore
a: no special abilities


You were on level 1 of the Dungeon.
You were full.

You visited 1 branch of the dungeon, and saw 1 of its levels.

You collected 14 gold pieces.

Inventory:

Hand Weapons
 a - a +1 hand crossbow
 b - a +0 short sword (weapon)
Missiles
 d - 20 bolts
Armour
 c - a +0 leather armour (worn)
Scrolls
 f - a scroll of fear {unknown}
Comestibles
 e - a ration


   Skills:
 + Level 2.5 Fighting
 * Level 5.3 Crossbows
 - Level 2.4 Dodging
 - Level 1.3 Stealth


You had one spell level left.
You didn't know any spells.
Your spell library was empty.

Dungeon Overview and Level Annotations

Branches:
Dungeon (1/15)

Altars:


Innate Abilities, Weirdness & Mutations

You are small and have problems with some larger weapons.
You are carnivorous and can eat meat at any time.


Message History

* * * LOW HITPOINT WARNING * * *
You hit the goblin but do no damage. The goblin completely misses you.
A hobgoblin comes into view. It is wielding a +0 club.
The hobgoblin shouts!
You hit the goblin but do no damage. You closely miss the hobgoblin.
The goblin hits you but does no damage.
The hobgoblin hits you but does no damage.
The goblin closely misses you. The goblin barely misses you.
You hit the hobgoblin but do no damage. The hobgoblin closely misses you.
You barely miss the hobgoblin. The hobgoblin completely misses you.
You barely miss the hobgoblin. The hobgoblin closely misses you.
You hit the hobgoblin but do no damage. The hobgoblin completely misses you.
You hit the hobgoblin.
A goblin comes into view.
The hobgoblin hits you.
* * * LOW HITPOINT WARNING * * *
You closely miss the hobgoblin.
The goblin shouts!
The hobgoblin barely misses you. The hobgoblin misses you.
You hit the hobgoblin.
You kill the hobgoblin!
The bat completely misses you.
You barely miss the bat. The bat hits you but does no damage.
The bat barely misses you.
You barely miss the bat. The bat closely misses you.
You hit the bat.
You kill the bat!
The goblin barely misses you.
You hit the goblin. The goblin hits you but does no damage.
You closely miss the goblin. The goblin hits you but does no damage.
You closely miss the goblin. The goblin barely misses you.
You hit the goblin.
You kill the goblin!
You barely miss the hobgoblin.
The hobgoblin drinks a potion.
The hobgoblin seems to grow stronger.
You hit the hobgoblin. The hobgoblin closely misses you.
You hit the hobgoblin but do no damage. The hobgoblin hits you with a +0 club.
* * * LOW HITPOINT WARNING * * *
You aren't carrying any potions.
Unknown command.
You closely miss the hobgoblin. The hobgoblin hits you with a +0 club.
* * * LOW HITPOINT WARNING * * *
You hit the hobgoblin.
You kill the hobgoblin!
You miss the goblin. The goblin barely misses you.
You hit the goblin. The goblin barely misses you.
You closely miss the goblin.
The goblin hits you with a +0 short sword.
You die...

...# #.# # ###..# #.# #
###...# ##.## #
##.#.#.#.###...##########
#...wb.#............>....
##.#.###†###...##########
... #wg# ##..# # #.#.
##g# ##.# ## ###. #@# #.#
#. ## #.# #.# #. ..# #.#
#. #### #.# #. #.# #. .#
#. #. #. #.


You could see a dart slug and 2 goblins.

Vanquished Creatures
  A leopard gecko (D:1)
  2 giant cockroaches (D:1)
  2 goblins (D:1)
  2 hobgoblins (D:1)
  A bat (D:1)
  A frilled lizard (D:1)
  2 kobolds (D:1)
  A rat (D:1)
12 creatures vanquished.

Notes
Turn   | Place    | Note
-------+----------+-------------------------------------------
     0 | D:1      | vurker the Kobold Hunter began the quest for the Orb.
     0 | D:1      | Reached XP level 1. HP: 12/12 MP: 1/1
   101 | D:1      | Reached skill level 5 in Crossbows
   296 | D:1      | Reached XP level 2. HP: 12/18 MP: 2/2
   525 | D:1      | Slain by a goblin

Levels and vault maps discovered:
D:1:      lemuel_arrival_cross, layout_loops_corners,
          chequers_serial_rivers_micro_e, ebering_dispersal_statue_hall,
          minmay_indecisive_spiral

Skill      XL: |  1 |
---------------+----+-----
Crossbows      | 5 |  5.3
Fighting       | |  2.5
Dodging        | |  2.4
Stealth        | |  1.3

Action                   || total
-------------------------++-------
Melee: Short sword       ||    64
  Eat: Chunk             ||     4
Armor: Leather armour    ||    11
Dodge: Dodged            ||    45

Table legend:
 A = Non-vault XP
 B = Vault XP
 C = Vault XP percentage of total XP
 D = Non-vault monster count
 E = Vault monster count
 F = Vault count percentage of total count
                 A         B        C        D         E       F
            +---------+---------+-------+---------+---------+-------
      Total |      16 |       5 |  23.8 |       9 |       3 |  25.0
            +---------+---------+-------+---------+---------+-------
        D:1 |      16 |       5 |  23.8 |       9 |       3 |  25.0
            +---------+---------+-------+---------+---------+-------
